 Dungeon Crawl Stone Soup version 0.26.0-16-gc1dbca0489 (webtiles) character file.

Game seed: 6523965221219577792

4435 jackrogers the Grappler (level 10, -1/81 HPs)
             Began as a Troll Earth Elementalist on Jan 22, 2021.
             Was an Initiate of Gozag.
             Slain by a two-headed ogre
             ... wielding a +0 giant club
              (10 damage)
             ... on level 8 of the Dungeon.
             The game lasted 00:13:43 (6528 turns).

jackrogers the Grappler (Troll Earth Elementalist)  Turns: 6528, Time: 00:13:44

Health: -1/81      AC:  8    Str: 19    XL:     10   Next: 14%
Magic:  10/10      EV: 10    Int: 11    God:    Gozag
Gold:   940        SH:  0    Dex: 12    Spells: 10/11 levels left

rFire    + . .     SeeInvis .     - Unarmed
rCold    + . .     Faith    +   (no shield)
rNeg     . . .     Spirit   .   c - +0 robe
rPois    .         Reflect  .   (helmet restricted)
rElec    .         Harm     .   v - +1 cloak
rCorr    .         Rampage  .   (gloves unavailable)
Will     .....                  (boots unavailable)
Stlth    ++........             I - amulet of faith {Faith, !P}
HPRegen  0.63/turn              f - ring of stealth {Stlth+}
MPRegen  0.12/turn              H - ring of protection from fire {rF+, !d}

@: gold aura
A: large, unfitting armour, claws 3, hooves 1, cold resistance 1, regeneration
1, shaggy fur 1, tough skin 3
a: Renounce Religion, Potion Petition, Call Merchant, Bribe Branch


You were on level 8 of the Dungeon.
You worshipped Gozag.
Gozag was pleased with you.
You visited 2 branches of the dungeon, and saw 9 of its levels.

You collected 1065 gold pieces.
You paid 125 gold pieces to Gozag.

Inventory:

Hand Weapons
 a - a +0 spear
   (You found it on level 1 of the Dungeon)
 g - a +0 dagger
   (You took it off a goblin on level 1 of the Dungeon)
 h - a cursed -3 spear
   (You found it on level 1 of the Dungeon)
 i - a cursed +0 short sword
   (You took it off a kobold on level 1 of the Dungeon)
 j - a +0 club
   (You took it off a goblin on level 1 of the Dungeon)
 l - a +0 dagger
   (You took it off a goblin on level 2 of the Dungeon)
 m - a +0 hand axe
   (You found it on level 1 of the Dungeon)
 p - a +0 dagger
   (You took it off a goblin on level 1 of the Dungeon)
 q - a +0 club
   (You found it on level 1 of the Dungeon)
 r - a +0 dagger
   (You took it off a goblin on level 2 of the Dungeon)
 N - a +0 giant spiked club
   (You took it off an ogre on level 7 of the Dungeon)
Missiles
 b - 261 stones (quivered)
Armour
 c - a +0 robe (worn)
 v - a +1 cloak (worn)
   (You found it on level 2 of the Dungeon)
Jewellery
 f - a ring of stealth (left claw) {Stlth+}
   (You found it on level 2 of the Dungeon)
 w - an uncursed ring of fire {rF+, rC-}
   (You found it on level 3 of the Dungeon)
 H - a ring of protection from fire (right claw) {rF+, !d}
   (You found it on level 3 of the Dungeon)
 I - an amulet of faith (around neck) {Faith, !P}
   (You took it off a hobgoblin on level 3 of the Dungeon)
Wands
 B - a wand of random effects (11)
   (You found it on level 3 of the Dungeon)
 J - a wand of flame (14)
   (You took it off a goblin on level 6 of the Dungeon)
 K - a wand of digging (9)
   (You found it on level 6 of the Dungeon)
 L - a wand of disintegration (19)
   (You found it on level 6 of the Dungeon)
Scrolls
 n - 4 scrolls of remove curse
 x - a scroll of identify
 y - 2 scrolls of enchant weapon
 D - 2 scrolls of teleportation
 E - a scroll of enchant armour
 M - a scroll of amnesia
Potions
 d - 3 potions of mutation {!q}
 e - a potion of ambrosia
 k - 2 potions of flight
 o - 2 potions of brilliance
 s - 4 potions of curing
 t - a potion of haste
 z - 2 potions of attraction {!q}
 A - a potion of resistance
 C - 4 potions of degeneration {!q}
 F - a potion of might
 G - a potion of cancellation


   Skills:
 - Level 1.5 Dodging
 - Level 1.0 Stealth
 + Level 14.1 Unarmed Combat
 - Level 1.2 Spellcasting
 - Level 0.6 Transmutations
 - Level 2.6 Earth Magic


You had 10 spell levels left.
You knew the following spells:

 Your Spells              Type           Power        Failure   Level
a - Sandblast             Erth           12%          11%         1

Your spell library contained the following spells:

 Spells                   Type           Power        Failure   Level
 Passwall                 Tmut/Erth      3%           24%         2
 Summon Small Mammal      Summ           0%           32%         1
 Call Imp                 Summ           0%           43%         2
 Stone Arrow              Conj/Erth      6%           50%         3
 Call Canine Familiar     Summ           0%           67%         3
 Summon Guardian Golem    Hex/Summ       0%           67%         3
 Petrify                  Tmut/Erth      4%           85%         4
 Lee's Rapid Deconstruct  Erth           3%           96%         5
 Summon Ice Beast         Ice/Summ       0%           97%         4
 Summon Lightning Spire   Summ/Air       0%           97%         4


Dungeon Overview and Level Annotations

Branches:
Dungeon (8/15)             Temple (1/1) D:6
   Lair: D:8-11

Altars:
Ashenzari
Cheibriados
Dithmenos
Elyvilon
Fedhas
Gozag
Hepliaklqana
Kikubaaqudgha
Makhleb
Nemelex Xobeh
Okawaru
Qazlal
Ru
Sif Muna
Trog
Uskayaw
Vehumet
Wu Jian
Xom
Yredelemnul
Zin
The Shining One


Innate Abilities, Weirdness & Mutations

You are too large for most types of armour.
You have claws for hands.
Your natural rate of healing is unusually fast.
You are covered in fur. (AC +1)
You have extremely tough skin. (AC +3)
You have large cloven feet.
Your flesh is cold resistant. (rC+)


Message History

You closely miss the worker ant. You kick the worker ant.
You kill the worker ant!
You hear a bark!
An orc comes into view. It is wielding a +0 club.
You see here 6 gold pieces.
You closely miss the shadow imp.
You kick the shadow imp, but do no damage.
The shadow imp laughs crazily.
The shadow imp hits you.
Spoiler Alert: The shadow imp can cast Pain and Animate Dead!
You claw the shadow imp!
You kill the shadow imp!
No target in view!
No target in view!
No target in view!
An orc comes into view. It is wielding a +0 dagger.
There are monsters nearby!
There are monsters nearby!
There are monsters nearby!
A two-headed ogre comes into view.
It is wielding two +0 giant spiked clubs.
The two-headed ogre barely misses you.
The two-headed ogre hits you with a +0 giant spiked club!!
The orc shouts!
You see here 8 gold pieces.
You now have 940 gold pieces (gained 8).
The orc hits you with a +0 club.
The two-headed ogre hits you with a +0 giant spiked club!!
The two-headed ogre closely misses you.
You hear a shout!
You mangle the two-headed ogre!!
You hear an angry hiss.
You hear two shouts!
You hear a shout!
You hear a bark!
The orc closely misses you. The orc barely misses you.
You see here 6 gold pieces.
You mangle the orc!!
You kill the orc!
You barely miss the orc. You mangle the orc!!
You kill the orc!
You barely miss the two-headed ogre.
You kick the two-headed ogre, but do no damage.
You claw the two-headed ogre, but do no damage.
The two-headed ogre hits you with a +0 giant spiked club!!
* * * LOW HITPOINT WARNING * * *
The two-headed ogre closely misses you.
You mangle the two-headed ogre!!
An orc wizard comes into view. It is wielding a +0 dagger.
You mangle the two-headed ogre!!
You kill the two-headed ogre!
Your Unarmed Combat skill increases to level 14!
You have reached level 10!
Items here: $ ( )))).
You closely miss the orc wizard.
The orc wizard gestures at you while chanting.
The magic dart hits you.
* * * LOW HITPOINT WARNING * * *
You barely miss the orc wizard.
The orc wizard hits you but does no damage.
You scratch the orc wizard. You kick the orc wizard.
A basilisk comes into view.
The orc wizard casts a spell at you. The magic dart hits you.
* * * LOW HITPOINT WARNING * * *
You claw the orc wizard!
You kill the orc wizard!
The basilisk becomes distracted by the nearby gold, dreaming of imaginary riches.
Things that are here:
6 gold pieces; a +0 dagger; a cursed +0 robe
Okay, then.
You feel much better.
The basilisk is no longer distracted by gold.
An orc wizard comes into view. It is wielding a +0 dagger.
The basilisk becomes distracted by the nearby gold, dreaming of imaginary riches.
The orc wizard barely misses you.
The basilisk hisses angrily.
You mangle the basilisk!!
The basilisk is no longer distracted by gold.
Your kick misses the basilisk.
A two-headed ogre comes into view. It is wielding two +0 giant clubs.
You closely miss the basilisk. The basilisk closely misses you.
You mangle the basilisk!!
You kill the basilisk!
The two-headed ogre closely misses you.
The two-headed ogre hits you with a +0 giant club!!
* * * LOW HITPOINT WARNING * * *
You scratch the two-headed ogre. You mangle the two-headed ogre!!
You kick the two-headed ogre. You claw the two-headed ogre!!
The orc wizard hits you but does no damage.
The two-headed ogre hits you with a +0 giant club.
* * * LOW HITPOINT WARNING * * *
The two-headed ogre hits you with a +0 giant club!
* * * LOW HITPOINT WARNING * * *
You completely miss the two-headed ogre.
You kick the two-headed ogre. Your claw misses the two-headed ogre.
The orc wizard becomes distracted by the nearby gold, dreaming of imaginary riches.
You closely miss the two-headed ogre.
The two-headed ogre hits you but does no damage.
The two-headed ogre hits you with a +0 giant club!
You die...
Your body crumbles into a pile of gold.

♣♣♣ ... ## ♣.♣ ##
$ ♣.♣♣.♣♣.♣ $
♣$♣?♣o♣ ♣.♣$$@♣
♣.♣.♣.♣O♣
♣.♣.♣♣.♣♣.♣ $
#####♣.♣##### $
♣♣....♣.♣....♣♣ $
#♣.≈≈≈≈≈≈≈≈≈≈≈.♣#
$#.≈≈≈≈≈≈≈≈≈≈≈≈≈.#
♣.≈≈≈≈(≈≈≈≈≈≈.♣#
♣♣....♣.♣....♣♣


You could see a two-headed ogre and an orc wizard (unaware).

Vanquished Creatures
  A two-headed ogre (D:8)
  Prince Ribbit (D:5)
  A basilisk (D:8)
  Menkaure (D:5)
  2 black bears
  2 sky beasts
  An ice beast (D:6)
  7 ogres
  A phantom (D:4)
  A centaur (D:7)
  2 necrophages
  2 bullfrogs
  A scorpion (D:8)
  3 killer bees (D:7)
  8 wights
  An electric eel (D:8)
  2 howler monkeys (D:4)
  A jelly (D:7)
  A bullfrog skeleton (D:6)
  2 centaur skeletons
  2 orc priests
  Crazy Yiuf (D:2)
  4 hounds
  11 orc wizards
  A gnoll shaman (D:7)
  3 iguanas
  Terence (D:2)
  4 worker ants
  A hound skeleton (D:4)
  11 adders
  7 gnolls
  A shadow imp (D:8)
  A white imp (D:5)
  5 ufetubi
  An ooze (D:4)
  An adder skeleton (D:4)
  An adder zombie (D:6)
  2 dart slugs
  4 leopard geckos
  30 orcs
  A ball python (D:2)
  4 giant cockroaches
  15 goblins
  7 hobgoblins
  5 jackals
  7 quokkas
  10 bats
  7 frilled lizards
  5 kobolds
  A leopard gecko zombie (D:7)
  5 rats
200 creatures vanquished.

Vanquished Creatures (others)
  8 plants (D:8)
8 creatures vanquished.

Grand Total: 208 creatures vanquished

Notes
Turn   | Place    | Note
-------+----------+-------------------------------------------
     0 | D:1      | jackrogers the Troll Earth Elementalist began the quest for
                  | the Orb.
     0 | D:1      | Reached XP level 1. HP: 16/16 MP: 1/1
   171 | D:1      | Reached skill level 1 in Unarmed Combat
   442 | D:1      | Reached XP level 2. HP: 24/24 MP: 2/2
   623 | D:1      | HP: 6/24 [poisoned by a kobold]
   626 | D:1      | HP: 2/24 [poisoned by a kobold]
   627 | D:1      | Gained mutation: Your flesh is cold resistant. (rC+)
                  | [potion of mutation]
   627 | D:1      | Gained mutation: You have large cloven feet. [potion of
                  | mutation]
   671 | D:1      | Reached skill level 2 in Unarmed Combat
   919 | D:2      | Found a white marble altar of Elyvilon.
   946 | D:2      | Reached XP level 3. HP: 31/31 MP: 3/3
  1002 | D:2      | Reached skill level 3 in Unarmed Combat
  1098 | D:2      | Found a runed translucent door.
  1099 | D:2      | Noticed Crazy Yiuf
  1149 | D:2      | Noticed Terence
  1159 | D:2      | Killed Terence
  1160 | D:2      | Reached XP level 4. HP: 24/39 MP: 4/4
  1484 | D:2      | Reached skill level 4 in Unarmed Combat
  1660 | D:2      | Killed Crazy Yiuf
  1734 | D:3      | Reached XP level 5. HP: 41/45 MP: 5/5
  1957 | D:3      | Reached skill level 5 in Unarmed Combat
  2627 | D:4      | HP: 3/45 [orc priest/nerve-wracking pain (10)]
  2634 | D:4      | Reached XP level 6. HP: 8/53 MP: 6/6
  2635 | D:4      | Reached skill level 6 in Unarmed Combat
  2661 | D:4      | HP: 17/79 [hound (4)]
  2663 | D:4      | HP: 8/53 [hound (2)]
  2669 | D:4      | HP: 7/53 [phantom (4)]
  2671 | D:4      | HP: 3/53 [hound (3)]
  2745 | D:4      | Reached skill level 7 in Unarmed Combat
  2745 | D:4      | Reached XP level 7. HP: 35/59 MP: 7/7
  2967 | D:4      | Reached skill level 8 in Unarmed Combat
  3277 | D:5      | Entered Level 5 of the Dungeon
  3292 | D:5      | Noticed Menkaure
  3304 | D:5      | Noticed Prince Ribbit
  3325 | D:5      | Killed Prince Ribbit
  3328 | D:5      | Reached skill level 9 in Unarmed Combat
  3408 | D:5      | Reached XP level 8. HP: 58/67 MP: 8/8
  3672 | D:5      | Reached skill level 10 in Unarmed Combat
  3811 | D:5      | Killed Menkaure
  3998 | D:6      | Found a staircase to the Ecumenical Temple.
  4009 | Temple   | Entered the Ecumenical Temple
  4211 | Temple   | Became a worshipper of Gozag Ym Sagoz the Greedy
  4293 | D:6      | Found a radiant altar of Vehumet.
  4524 | D:6      | Reached skill level 11 in Unarmed Combat
  4630 | D:6      | Found an iron altar of Okawaru.
  5049 | D:6      | Found a broken altar of Ashenzari.
  5199 | D:7      | Reached XP level 9. HP: 57/73 MP: 9/9
  5455 | D:7      | Reached skill level 12 in Unarmed Combat
  6225 | D:8      | Reached skill level 13 in Unarmed Combat
  6504 | D:8      | Noticed a two-headed ogre
  6511 | D:8      | HP: 12/74 [two-headed ogre/+0 giant spiked club (19)]
  6513 | D:8      | Killed a two-headed ogre
  6514 | D:8      | Reached skill level 14 in Unarmed Combat
  6514 | D:8      | Reached XP level 10. HP: 15/81 MP: 10/10
  6517 | D:8      | HP: 6/81 [orc wizard/magic dart (5)]
  6523 | D:8      | Noticed a two-headed ogre
  6524 | D:8      | HP: 16/81 [two-headed ogre/+0 giant club (25)]
  6528 | D:8      | Slain by a two-headed ogre

Illustrated notes

Levels and vault maps discovered:
D:1:      dpeg_arrival_leaves_temple_mockup, layout_basic
D:2:      layout_rooms, serial_corexii_hall, chequers_hall_statues_y,
          chequers_hall_statues_wall_a, grunt_decor_mini_mirrors,
          elyvilon_altar_4, uniq_terence, uniq_crazy_yiuf_cottage
D:3:      minmay_recursive_quarters, layout_loops_ring
D:4:      layout_cave_pools
D:5:      layout_basic, uniq_prince_ribbit1, uniq_menkaure
D:6:      layout_cave_pods, overflow_temple_1_default, minmay_temple_entry_tees,
          basic_altar, vehumet_altar_wand_db
D:7:      cheibrodos_quashed, layout_loops_ring, kennysheep_dice
D:8:      nzn_winding_woodlands_three_and_one
          [nzn_winding_woodlands_5x15_river_crossing,
          nzn_winding_woodlands_5x15_split_checker,
          nzn_winding_woodlands_5x15_zeroes,
          nzn_winding_woodlands_center_garden], layout_basic
Temple:   minmay_crystal_snake_temple

Skill      XL: |  1  2  3  4  5  6  7  8  9 |
---------------+----------------------------+-----
Unarmed Combat | 1 2 3 4 5 7 9 11 14 | 14.1
Dodging        | |  1.5
Stealth        | |  1.0
Spellcasting   | |  1.2
Transmutations | |  0.6
Earth Magic    | |  2.6

Action                   |  1- 3 |  4- 6 |  7- 9 | 10-12 || total
-------------------------+-------+-------+-------+-------++-------
Melee: Unarmed           |    60 |   140 |   277 |    11 ||   488
       Kick              |       |    18 |    56 |     3 ||    77
       Punch             |       |     1 |    11 |     1 ||    13
Throw: Stone             |    37 |    91 |    26 |       ||   154
  Use: Scroll            |     3 |     8 |    10 |       ||    21
       Potion            |     2 |     4 |       |     1 ||     7
 Stab: Sleeping          |       |     2 |     3 |       ||     5
       Distracted        |       |       |     1 |       ||     1
Armor: Robe              |    25 |    45 |    70 |     3 ||   143
       Skin              |       |    26 |       |       ||    26
Dodge: Dodged            |    29 |    63 |   106 |     3 ||   201

Table legend: (Time is in decaauts)
 A = Elapsed time spent in this place.
 B = Non-inter-level travel time spent in this place.
 C = Inter-level travel time spent in this place.
 D = Time resting spent in this place.
 E = Time spent auto-exploring this place.
 F = Levels seen in this place.
 G = Mean time per level.
                   A        B        C        D        E       F      G
               +--------+--------+--------+--------+--------+-----+--------+
         Total |   6478 |   6227 |    251 |    516 |   4389 |   9 |  719.8 |
       Dungeon |   6249 |   6025 |    224 |    516 |   4208 |   8 |  781.1 |
        Temple |    229 |    202 |     27 |      0 |    181 |   1 |  229.0 |
               +--------+--------+--------+--------+--------+-----+--------+

Top non-repeatable levels by time:
     D:7: 1036 daAuts
     D:6: 933 daAuts
     D:1: 920 daAuts
     D:3: 919 daAuts
     D:2: 797 daAuts
     D:5: 680 daAuts
     D:4: 642 daAuts
     D:8: 319 daAuts
  Temple: 229 daAuts

Table legend:
 A = Kills in this place as a percentage of kills in entire the game.
 B = Kills by you in this place as a percentage of kills by you in the entire game.
 C = Kills by friends in this place as a percentage of kills by friends in the entire game.
 D = Other kills in this place as a percentage of other kills in the entire game.
 E = Experience gained in this place as a percentage of experience gained in the entire game.
 F = Experience gained in this place divided by the number of levels of this place that you have seen.
                   A       B       C       D       E      F
               +-------+-------+-------+-------+-------+----------------------
         Total | 100.0 | 100.0 |   N/A |   N/A | 100.0 | 704.0
       Dungeon |  99.0 |  99.0 |   N/A |   N/A |  99.9 | 791.2
        Temple |   1.0 |   1.0 |   N/A |   N/A |   0.1 |   6.0
               +-------+-------+-------+-------+-------+----------------------
